 Dungeon Crawl Stone Soup version 0.19-a0-1493-gd0fcaa6 (webtiles) character file.

20148 Charly the Unseen (level 12, -3/74 HPs)
             Began as a Vampire Enchanter on Sept 9, 2016.
             Was an Elder of Sif Muna.
             Slain by a fire elemental (4 damage)
             ... led by Azrael
             ... on level 2 of the Orcish Mines.
             The game lasted 01:55:53 (5118 turns).

Charly the Unseen (Vampire Enchanter)               Turns: 5118, Time: 01:55:53

Health: -3/74      AC:  8    Str:  7    XL:     12   Next: 42%
Magic:  14/25      EV: 15    Int: 20    God:    Sif Muna [****..]
Gold:   341        SH:  7    Dex: 22    Spells: 4 memorised, 17 levels left

rFire  + . .     SeeInvis +     b - +1 short sword (vamp)
rCold  + . .     Gourm    .     d - +2 leather armour {rF+}
rNeg   + + .     Faith    .     i - +3 buckler
rPois  +         Spirit   .     u - +2 helmet
rElec  .         Dismiss  .     (no cloak)
rCorr  .         Reflect  .     (no gloves)
MR     +....     Harm     .     (no boots)
Stlth  +++++++++.               o - amulet of magic regeneration
                                A - ring of stealth
                                n - +5 ring of dexterity

@: lethally poisoned (-3 -> -5), regenerating slowly, drained, divine energy
A: fangs 3, see invisible, unbreathing
a: Bat Form, Stop Divine Energy, Channel Magic, Forget Spell, Renounce Religion


You were on level 2 of the Orcish Mines.
You worshipped Sif Muna.
Sif Muna was greatly pleased with you.
You were thirsty.

You visited 4 branches of the dungeon, and saw 22 of its levels.

You collected 791 gold pieces.
You spent 450 gold pieces at shops.

Inventory:

Hand Weapons
 b - a +1 vampiric short sword (weapon)
 k - a +0 short sword of distortion
 v - a +1 dagger of piercing
Armour
 d - a +2 leather armour of fire resistance (worn)
 i - a +3 buckler (worn)
 u - a +2 helmet (worn)
Magical Staves
 w - an uncursed staff of power
 D - an uncursed staff of energy
Jewellery
 c - an uncursed ring of ice
 n - a +5 ring of dexterity (left hand)
 o - an amulet of magic regeneration (around neck)
 A - a ring of stealth (right hand)
Wands
 j - a wand of polymorph (9/24)
 x - a wand of flame (12/48)
 z - a wand of enslavement (7/24)
 B - a wand of enslavement (9/24)
 E - a wand of confusion (15/48)
Scrolls
 f - 4 scrolls of remove curse
 l - a scroll of teleportation
 r - 4 scrolls of magic mapping
 C - 2 scrolls of amnesia
 F - a scroll of enchant weapon
 H - a scroll of brand weapon
Potions
 a - a potion of might {unknown}
 e - a potion of haste {unknown}
 g - a potion of flight
 h - a potion of berserk rage {unknown}
 m - 2 potions of lignification {unknown}
 p - a potion of curing {unknown}
Books
 s - a book of the Dragon

   Spells                             Type                      Level
   a - Flame Tongue                   Conjuration/Fire             1
   b - Cause Fear                     Hexes                        4
   c - Bolt of Fire                   Conjuration/Fire             6
   d - Dragon Form                    Transmutation                7
   e - Dragon's Call                  Summoning                    9
Miscellaneous
 G - a lamp of fire


   Skills:
 - Level 3.1(3.0) Short Blades
 + Level 5.7(5.6) Dodging
 + Level 18.4(18.3) Stealth
 - Level 9.0(8.9) Spellcasting
 + Level 14.0(13.8) Hexes
 - Level 7.0(6.9) Invocations


You had 17 spell levels left.
You knew the following spells:

 Your Spells              Type           Power        Failure   Level  Hunger
c - Confuse               Hex            ######..     1%          3    None
f - Cause Fear            Hex            ######....   1%          4    ###....
h - Ensorcelled Hibernat  Hex/Ice        #####.       1%          2    None
s - Dazzling Spray        Conj/Hex       #####.       3%          3    None


Dungeon Overview and Level Annotations

Branches:
Dungeon (13/15)            Temple (1/1) D:5            Lair (6/6) D:10
 Shoals (0/4) Lair:3       Spider (0/4) Lair:4        Slime (0/5) Lair:5
    Orc (2/2) D:10            Elf (0/3) Orc:2
 Vaults: D:13-14

Altars:
Ashenzari
Cheibriados
Elyvilon
Fedhas
Gozag
Hepliaklqana
Makhleb
Okawaru
Sif Muna
Trog
Uskayaw
Vehumet
Xom
Zin
The Shining One
Beogh

Shops:
Orc:2 ?=[(?

Annotations:
D:5 exclusion: downstairs
D:13 Protee's ghost, journeyman DsTm
Orc:2 Azrael; dvd's ghost, journeyman HEHu


Innate Abilities, Weirdness & Mutations

You heal slowly.
You have razor-sharp teeth.
You have supernaturally acute eyesight. (SInv)
You can survive without breathing.


Message History

The orc priest is no longer blind.
The fire elemental barely misses you.
The orc sorcerer gestures at you while chanting.
The bolt of fire hits you! You resist. You block the orc's attack.
You hit the orc sorcerer but do no damage.
The orc sorcerer is almost dead.
You feel sick. The fire elemental hits you. The fire elemental burns you!
You resist.
The orc warrior hits you from afar with a halberd of venom!!
* * * LOW HITPOINT WARNING * * *
Unknown command.
The orc warrior hits you from afar with a halberd of venom!
* * * LOW HITPOINT WARNING * * *
The orc sorcerer hits you with a dagger.
* * * LOW HITPOINT WARNING * * *
The fire elemental barely misses you.
Unknown command.
You hit the orc sorcerer but do no damage.
The orc sorcerer is almost dead.
The fire elemental hits you. The fire elemental burns you! You resist.
You die...

#........[............
#####..................#.
#.§§..E§§§§.............#
#E#########.............#
#.#.8..).##§...........##
#.#∩...o4o#E.............
##.#.8.oo§.#§......##'#...
###..#####.Eo#§.$....#..#..#
##...§#...).@o#§......#..#.##
#.....'.8.#o..#......÷#..#.##
##....#...#..##o......#8.#.##
#.....#########..#<...####.##
##..............##.........##
##...#.##.....###.....#.####
##..###.....## ##.<.....##.
#... ##..#### ##.....#...
##.. #...##.######.......


You could see a fire elemental, a chaos spawn, an orc sorcerer (blind), an orc
warrior, an orc priest and 4 orcs.

Vanquished Creatures
  An orc warlord (Orc:2)
  Nessos (Lair:5)
  2 hydras
  Sonja (Orc:2)
  An orc knight (Orc:2)
  2 hill giants
  2 griffons
  3 elephants (Lair:6)
  A spiny frog (Lair:4)
  2 black mambas
  2 rime drakes (Lair:4)
  3 trolls (Orc:2)
  A blink frog (Lair:2)
  2 redbacks (Lair:4)
  2 wyverns
  15 yaks
  Eustachio (D:6)
  3 basilisks (Lair:4)
  A vampire mosquito (D:12)
  A hippogriff (Lair:4)
  A hungry ghost (D:7)
  A soldier ant (D:12)
  4 wargs
  2 hell hounds (Orc:2)
  2 porcupines (Lair:4)
  8 water moccasins
  2 ice beasts
  A sky beast (D:11)
  26 orc warriors
  A necrophage (D:12)
  5 ogres
  A centaur (D:10)
  4 giant frogs
  A wyvern skeleton (D:11)
  2 scorpions
  5 wights (D:12)
  A crimson imp (D:5)
  4 hounds
  15 orc priests
  A jelly (D:5)
  3 giant frog skeletons
  An iguana (Lair:1)
  10 orc wizards
  7 worker ants
  3 adders
  13 river rats
  A shadow imp (D:12)
  An ooze (D:1)
  2 giant geckos
  52 orcs
  10 bats
  A bat skeleton (D:8)
  2 bat zombies (D:8)
  A giant cockroach (D:5)
  A goblin (D:1)
  A hobgoblin (D:1)
  10 jackals
  2 giant newts
  A quokka skeleton (D:5)
  12 rats
268 creatures vanquished.

Vanquished Creatures (others)
  3 fungi
  A plant (Lair:4)
4 creatures vanquished.

Grand Total: 272 creatures vanquished

Notes
Turn   | Place    | Note
-------+----------+-------------------------------------------
     0 | D:1      | Charly the Vampire Enchanter began the quest for the Orb.
     0 | D:1      | Reached XP level 1. HP: 13/13 MP: 3/3
   298 | D:2      | Found a faded altar of an unknown god.
   300 | D:2      | Reached XP level 2. HP: 19/19 MP: 5/5
   302 | D:2      | Reached skill level 5 in Stealth
   306 | D:2      | Learned a level 2 spell: Ensorcelled Hibernation
   378 | D:3      | Reached skill level 5 in Hexes
   402 | D:4      | Reached XP level 3. HP: 24/24 MP: 1/6
   407 | D:4      | Learned a level 3 spell: Confuse
   510 | D:4      | Reached skill level 6 in Stealth
   561 | D:4      | Reached XP level 4. HP: 16/30 MP: 2/7
   571 | D:3      | Found a hazy altar of Hepliaklqana.
   671 | D:5      | Entered Level 5 of the Dungeon
   674 | D:6      | Noticed an ice beast
   749 | D:5      | Reached XP level 5. HP: 17/35 MP: 2/8
   872 | D:5      | Found a white marble altar of Elyvilon.
   891 | D:5      | Found a burning altar of Makhleb.
   894 | D:5      | Reached skill level 7 in Stealth
   929 | D:5      | Found a staircase to the Ecumenical Temple.
   938 | Temple   | Entered the Ecumenical Temple
   971 | Temple   | Became a worshipper of Sif Muna the Loreminder
  1040 | D:5      | Noticed a black bear
  1050 | D:5      | Reached XP level 6. HP: 30/41 MP: 3/9
  1055 | D:5      | Learned a level 3 spell: Dazzling Spray
  1074 | D:5      | Got a bloodstained war axe
  1081 | D:5      | Identified the +8 war axe of Qoshof {chop, Fragile +Rage rF+ Int+2} (You found it on level 5 of the Dungeon)
  1124 | D:5      | Reached skill level 8 in Stealth
  1162 | D:7      | Noticed a hungry ghost
  1175 | D:7      | Killed a hungry ghost
  1190 | D:6      | HP: 1/41 [giant frog (4)]
  1192 | D:6      | Reached skill level 9 in Stealth
  1192 | D:6      | Reached XP level 7. HP: 8/46 MP: 0/10
  1258 | D:6      | Noticed Eustachio
  1308 | D:7      | Reached * piety under Sif Muna
  1317 | D:6      | Reached skill level 10 in Stealth
  1330 | D:6      | Killed Eustachio
  1330 | D:6      | Reached skill level 10 in Hexes
  1493 | D:8      | Reached skill level 11 in Stealth
  1493 | D:8      | Reached XP level 8. HP: 48/52 MP: 11/11
  1589 | D:9      | Noticed a hill giant
  1604 | D:9      | Killed a hill giant
  1604 | D:9      | Reached skill level 12 in Stealth
  1647 | D:10     | Entered Level 10 of the Dungeon
  1781 | D:10     | Reached ** piety under Sif Muna
  1781 | D:10     | Reached XP level 9. HP: 51/57 MP: 2/13
  1805 | D:10     | Found a staircase to the Lair.
  1811 | Lair:1   | Entered Level 1 of the Lair of Beasts
  1925 | D:11     | Reached skill level 13 in Stealth
  2161 | D:13     | Noticed Protee's ghost (journeyman DsTm)
  2184 | D:12     | Noticed a four-headed hydra
  2188 | D:13     | Noticed a white ugly thing
  2256 | D:12     | Reached *** piety under Sif Muna
  2283 | D:13     | Reached skill level 14 in Stealth
  2283 | D:13     | Reached skill level 5 in Spellcasting
  2283 | D:13     | Reached skill level 1 in Invocations
  2286 | D:13     | Noticed a troll
  2305 | D:13     | Reached XP level 10. HP: 63/63 MP: 0/17
  2317 | D:12     | Noticed a hill giant
  2324 | D:12     | Killed a hill giant
  2355 | D:12     | Killed a four-headed hydra
  2410 | D:11     | Reached skill level 15 in Stealth
  2444 | Lair:1   | Learned a level 4 spell: Cause Fear
  2493 | Lair:1   | Noticed a black mamba
  2505 | Lair:1   | Killed a black mamba
  2549 | Lair:1   | Found a shimmering altar of Xom.
  2719 | Lair:5   | Found a staircase to the Slime Pits.
  2719 | Lair:5   | Noticed a black mamba
  2723 | Lair:5   | Killed a black mamba
  2747 | Lair:4   | Noticed a seven-headed hydra
  2754 | Lair:4   | Killed a seven-headed hydra
  2754 | Lair:4   | Reached skill level 5 in Invocations
  2754 | Lair:4   | Reached XP level 11. HP: 68/68 MP: 21/21
  2781 | Lair:4   | Reached skill level 16 in Stealth
  2812 | Lair:4   | Found a hole to the Spider Nest.
  2889 | Lair:5   | Noticed Nessos
  2902 | Lair:5   | Killed Nessos
  2911 | Lair:6   | Entered Level 6 of the Lair of Beasts
  2976 | Lair:5   | Noticed a seven-headed hydra
  3065 | Lair:6   | Noticed a griffon
  3072 | Lair:6   | Killed a griffon
  3230 | Lair:4   | Reached **** piety under Sif Muna
  3251 | Lair:4   | Reached skill level 17 in Stealth
  3317 | Lair:4   | Noticed a griffon
  3359 | Lair:4   | Killed a griffon
  3448 | Lair:3   | Found a staircase to the Shoals.
  3906 | D:10     | Found a staircase to the Orcish Mines.
  3910 | Orc:1    | Entered Level 1 of the Orcish Mines
  3989 | Orc:2    | Entered Level 2 of the Orcish Mines
  4000 | Orc:2    | Noticed dvd's ghost (journeyman HEHu)
  4039 | Orc:2    | Noticed an orc knight
  4047 | Orc:2    | Killed an orc knight
  4069 | Orc:2    | Found Okkeu's Magic Scroll Boutique.
  4096 | Orc:2    | Reached XP level 12. HP: 66/74 MP: 13/25
  4122 | Orc:2    | Noticed an orc warlord
  4427 | Orc:2    | Killed an orc warlord
  4427 | Orc:2    | Reached skill level 18 in Stealth
  4583 | Orc:2    | Found Mischepn's Antique Weapon Shoppe.
  4592 | Orc:2    | Reached skill level 5 in Dodging
  4611 | Orc:2    | Found a roughly hewn altar of Beogh.
  4611 | Orc:2    | Found Akhlog's Antique Armour Emporium.
  4670 | Orc:2    | Noticed Sonja
  4673 | Orc:2    | Killed Sonja
  4677 | Orc:2    | Found a roughly hewn altar of Beogh.
  4688 | Orc:2    | Found a roughly hewn altar of Beogh.
  4742 | Orc:2    | Noticed Azrael
  4769 | Orc:2    | Found a roughly hewn altar of Beogh.
  4891 | Orc:2    | Found a roughly hewn altar of Beogh.
  4892 | Orc:2    | Found Liduof's Jewellery Emporium.
  4967 | Orc:2    | Bought an uncursed amulet of magic regeneration for 450 gold pieces
  4977 | Orc:2    | Found a staircase to the Elven Halls.
  5009 | Orc:2    | Found a roughly hewn altar of Beogh.
  5052 | Orc:2    | Found a roughly hewn altar of Beogh.
  5101 | Orc:2    | Found Delevin's Magic Scroll Shop.
  5117 | Orc:2    | HP: 3/74 [orc warrior/halberd of venom (11)]
  5117 | Orc:2    | HP: 1/74 [orc sorcerer/dagger (2)]
  5118 | Orc:2    | Slain by a fire elemental

Vault maps used:
D:1:      dpeg_arrival_oval
D:2:      ecumenical_altar_2, uniq_sigmund
D:3:      yredelemnul_altar_generic, lemuel_crystal_altar,
          nicolae_overflow_crystal_walls, lemuel_round_altar
D:4:      bloody_trog
D:5:      kennysheep_mini_moat, makhleb_heckhound_becter, first_bread,
          minmay_misc_feat_secret_circle
D:6:      nicolae_ru_path_of_blood, uniq_eustachio
D:7:      grunt_dithmenos_smoke, serial_shops, shop
D:8:      kennysheep_vampire_church, serial_shops, shop
D:10:     grunt_lair_entry_orc_guard_hut, orc_0_dummy
D:12:     minmay_crystal_room
D:13:     grunt_vaults_entry_tiered, the_bakery
Temple:   hc_temple_tempest_star
Lair:1:   basic_altar
Lair:3:   elwin_shoals_entry_rocks, basic_altar
Lair:4:   spider_nest_entry_webs, nicolae_volcano_entry_s_turn, special_room,
          infiniplex_staircase_pool_2
Lair:5:   slime_dummy, uniq_nessos
Lair:6:   due_jungle_book, grunt_megastairs_4
Orc:2:    grunt_orc_community_town_hall, grunt_orc_community_big_house_1,
          grunt_orc_community_big_house_2, grunt_orc_community_house_2,
          grunt_orc_community_house_2, grunt_orc_community_house_3,
          grunt_orc_community_house_3, grunt_orc_community_house_2,
          serial_shops, shop, uniq_azrael, uniq_sonja

Skill      XL: |  1  2  3  4  5  6  7  8  9 10 11 12 |
---------------+-------------------------------------+-----
Stealth        | 5 6 7 9 11 12 14 15 17 18 | 18.4
Hexes          | 5 6 7 8 10 11 12 14 | 14.0
Short Blades   | 3 |  3.1
Spellcasting   | 3 5 7 9 |  9.0
Invocations    | 1 5 7 |  7.0
Dodging        | 3 5 |  5.7

Action                   |  1- 3 |  4- 6 |  7- 9 | 10-12 || total
-------------------------+-------+-------+-------+-------++-------
Melee: Dagger            |    18 |    21 |   180 |   218 ||   437
       Bite              |     1 |     5 |    16 |    25 ||    47
       War axe           |       |     8 |       |       ||     8
       Short sword       |       |       |       |    75 ||    75
 Cast: Corona            |     2 |     1 |       |       ||     3
       Ensorcelled Hiber |     6 |     7 |    13 |    19 ||    45
       Confuse           |       |     7 |    22 |    69 ||    98
       Dazzling Spray    |       |       |     6 |    57 ||    63
       Cause Fear        |       |       |       |     1 ||     1
Invok: Divine Energy     |       |       |     2 |     2 ||     4
       Stop Divine Energ |       |       |     2 |     1 ||     3
       Channel Magic     |       |       |       |     3 ||     3
 Abil: End Transformatio |     1 |     3 |     1 |     9 ||    14
       Bat Form          |     1 |     3 |     1 |     9 ||    14
Evoke: Wand              |     4 |     7 |    11 |       ||    22
  Use: Scroll            |       |       |    15 |     4 ||    19
       Potion            |       |       |     2 |     2 ||     4
 Stab: Sleeping          |    10 |     9 |    27 |    59 ||   105
       Confused          |       |     3 |    13 |    39 ||    55
       Paralysed         |       |     3 |     1 |       ||     4
       Invisible         |       |       |     9 |    23 ||    32
       Distracted        |       |       |       |     2 ||     2
       Held in net/web   |       |       |       |     1 ||     1
  Eat: Corpse            |       |       |     2 |     4 ||     6
Armor: Robe              |     2 |     4 |    80 |    30 ||   116
       Leather armour    |       |       |       |    21 ||    21
Dodge: Dodged            |     9 |    18 |   209 |   183 ||   419
Block: Buckler           |       |       |       |    48 ||    48
